 Dungeon Crawl Stone Soup version 0.30-a0-374-g95c0257040 (webtiles) character file.

Game seed: 17376350124313090315

58 qeuew the Trooper (level 4, -5/41 HPs)
             Began as a Hill Orc Fighter on Nov 26, 2022.
             Slain by Ijyb
             ... wielding a +5 club
              (9 damage)
             ... on level 3 of the Dungeon.
             The game lasted 00:02:43 (1622 turns).

qeuew the Trooper (Hill Orc Fighter)                Turns: 1622, Time: 00:02:44

Health: -5/41      AC:  7    Str: 24    XL:     4   Next: 1%
Magic:  4/4        EV:  6    Int:  8    God:
Gold:   52         SH:  4    Dex: 12    Spells: 3/3 levels left

rFire   . . .      SeeInvis .    a - +0 war axe
rCold   . . .      Faith    .    c - +0 buckler
rNeg    + . .      Spirit   .    b - +0 scale mail
rPois   .          Reflect  .    (no helmet)
rElec   .          Harm     .    (no cloak)
rCorr   .          Rampage  .    (no gloves)
Will    .....                    (no boots)
Stlth   ..........               (no amulet)
HPRegen 0.26/turn                f - ring of positive energy
MPRegen 0.09/turn                i - +6 ring of strength

@: mighty, grasped by roots, hasted (expiring), constricted, very quick
A: no striking features
a: no special abilities


You were on level 3 of the Dungeon.
You visited 1 branch of the dungeon, and saw 3 of its levels.

You collected 52 gold pieces.

Inventory:

Hand Weapons
 a - a +0 war axe (weapon)
Armour
 b - a +0 scale mail (worn)
 c - a +0 buckler (worn)
Jewellery
 f - a ring of positive energy (left hand)
 i - a +6 ring of strength (right hand)
 k - a ring of protection from cold
Scrolls
 h - a scroll of blinking


   Skills:
 * Level 4.4 Fighting
 + Level 3.1 Axes
 * Level 4.0 Armour
 + Level 0.7 Dodging
 + Level 3.6 Shields


You had 3 spell levels left.
You didn't know any spells.
Your spell library contained the following spells:

 Spells                   Type           Power      Damage    Failure   Level
 Static Discharge         Conj/Air       0%         2-2/arc   90%         2
 Gell's Gravitas          Tloc           0%         N/A       99%         3
 Teleport Other           Tloc           0%         N/A       99%         3
 Vhi's Electric Charge    Tloc/Air       0%         N/A       99%         3
 Arcjolt                  Conj/Air       0%         1d10      100%        5
 Lightning Bolt           Conj/Air       0%         1d11      100%        5
 Dispersal                Tloc           0%         N/A       100%        6


Dungeon Overview and Level Annotations

Branches:
Dungeon (3/15)

Altars:

Shops:
D:1 ?   D:2 *

Annotations:
D:3 Ijyb


Message History

Ijyb is moderately wounded.
You hit the goblin. The goblin hits you but does no damage.
Ijyb zaps a wand.
The roots erupt in riotous growth!
The grasping roots grab you!
Ijyb is unaffected.
The goblin is unaffected.
The grasping roots constrict you.
You hear an angry hiss.
You barely miss the goblin.
The goblin is heavily wounded.
You closely miss Ijyb. The goblin hits you with a +0 club.
Ijyb barely misses you. The grasping roots constrict you.
You closely miss Ijyb.
Ijyb is moderately wounded.
You barely miss the goblin.
Unknown command.
You closely miss Ijyb.
Ijyb is moderately wounded.
You hit the goblin.
You kill the goblin!
Your extra speed is starting to run out.
Ijyb hits you with a +5 club. The grasping roots constrict you.
You block Ijyb's attack. The grasping roots constrict you.
The grasping roots release their grip on you.
You have reached level 4!
You closely miss Ijyb.
Ijyb is moderately wounded.
You barely miss Ijyb.
Ijyb is moderately wounded.
A quokka comes into view.
Ijyb hits you with a +5 club.
* * * LOW HITPOINT WARNING * * *
You closely miss Ijyb.
Ijyb is moderately wounded.
Ijyb zaps a wand.
The roots erupt in riotous growth!
The grasping roots grab you!
Ijyb is unaffected.
The grasping roots constrict you!
* * * LOW HITPOINT WARNING * * *
Unknown command.
You feel very mighty all of a sudden. Ijyb hits you with a +5 club!
You die...

....##.. ....... ..# ..
####..... ..
....###.....#.# ..
.......<....#.# .#
....###.....#.####.#####
.............r..........
..####......#...).....#
#......#..@g.....#
#####.##.........#
#...##.........#
####.####.........#
#....# #.....$...#
#.#### #.........# #.#
#..$......# ###
###########


You could see Ijyb and a quokka.

Vanquished Creatures
  An adder (D:2)
  A worm (D:2)
  A dart slug (D:2)
  5 endoplasms
  2 goblins
  4 hobgoblins (D:2)
  4 jackals (D:1)
  2 kobolds
  2 quokkas (D:1)
  7 ball pythons
  4 bats
  2 frilled lizards (D:2)
  6 rats
41 creatures vanquished.

Notes
Turn   | Place    | Note
-------+----------+-------------------------------------------
     0 | D:1      | qeuew the Hill Orc Fighter began the quest for the Orb.
     0 | D:1      | Reached XP level 1. HP: 19/19 MP: 1/1
    22 | D:1      | Found Iwniwakh's Magic Scroll Shoppe.
   433 | D:1      | Reached XP level 2. HP: 27/27 MP: 2/2
   946 | D:2      | Reached XP level 3. HP: 32/33 MP: 3/3
   961 | D:2      | Found Miaqif's Assorted Antiques.
  1610 | D:3      | Noticed Ijyb
  1619 | D:3      | Reached XP level 4. HP: 16/41 MP: 4/4
  1622 | D:3      | Slain by Ijyb

Illustrated notes

Levels and vault maps discovered:
D:1:      enne_arrival_octagon_isle, layout_basic, serial_glass,
          glass_columns_c, glass_columns_b, glass_columns_b, glass_columns_b,
          glass_columns_a, serial_shops, nicolae_shop_behind_doors
D:2:      layout_rooms, serial_shops, nicolae_square_shop
D:3:      layout_rooms, uniq_terence, uniq_ijyb

Skill      XL: |  1  2  3 |
---------------+----------+-----
Fighting       | 4 |  4.4
Axes           | 3 |  3.1
Armour         | 4 |  4.0
Dodging        | |  0.7
Shields        | |  3.6

Action                   |  1- 3 |  4- 6 || total
-------------------------+-------+-------++-------
Melee: War axe           |   126 |     3 ||   129
  Use: Scroll            |     5 |       ||     5
       Potion            |     2 |     1 ||     3
Armor: Scale mail        |    70 |       ||    70
Dodge: Dodged            |    74 |       ||    74
Block: Buckler           |    39 |       ||    39

Table legend: (Time is in decaauts)
 A = Elapsed time spent in this place.
 B = Non-inter-level travel time spent in this place.
 C = Inter-level travel time spent in this place.
 D = Time resting spent in this place.
 E = Time spent auto-exploring this place.
 F = Levels seen in this place.
 G = Mean time per level.
                   A        B        C        D        E       F      G
               +--------+--------+--------+--------+--------+-----+--------+
         Total |   1652 |   1581 |     71 |      0 |   1275 |   3 |  550.7 |
       Dungeon |   1652 |   1581 |     71 |      0 |   1275 |   3 |  550.7 |
               +--------+--------+--------+--------+--------+-----+--------+

Top non-repeatable levels by time:
     D:1: 956 daAuts
     D:2: 668 daAuts
     D:3: 27 daAuts
